 Dungeon Crawl Stone Soup version 0.27-a0-124-g19cb506db8 (webtiles) character file.

Game seed: 15998029940252495475

251 kae the Ruffian (level 5, -2/46 HPs)
             Began as a Draconian Transmuter on Jan 26, 2021.
             Slain by an orc
             ... wielding a +1 vorpal mace
              (7 damage)
             ... on level 3 of the Dungeon.
             The game lasted 00:01:21 (2031 turns).

kae the Ruffian (Draconian Transmuter)              Turns: 2031, Time: 00:01:22

Health: -2/46      AC:  5    Str: 13    XL:     5   Next: 88%
Magic:  4/9        EV: 12    Int: 13    God:
Gold:   134        SH:  0    Dex: 12    Spells: 5/9 levels left

rFire    . . .     SeeInvis .     - Unarmed
rCold    . . .     Faith    .   (no shield)
rNeg     . . .     Spirit   .   (armour unavailable)
rPois    .         Reflect  .   (helmet currently unavailable)
rElec    .         Harm     .   (no cloak)
rCorr    .         Rampage  .   (no gloves)
Will     .....                  (boots currently unavailable)
Stlth    ++........             (no amulet)
HPRegen  0.15/turn              (no ring)
MPRegen  0.11/turn              (no ring)

@: appendages (expiring)
A: unfitting armour, big wings, horns 2, talons 2, camouflage 1, robust 1,
screaming 1, cold-blooded, AC +5
a: Fly, End Transformation


You were on level 3 of the Dungeon.
You had grown temporary horns.
You had grown temporary talons.
You visited 1 branch of the dungeon, and saw 4 of its levels.

You collected 134 gold pieces.

Inventory:

Jewellery
 e - a +6 ring of strength {unknown}
Potions
 a - a potion of lignification
 c - a potion of cancellation
 f - a potion of berserk rage


   Skills:
 + Level 2.4 Fighting
 + Level 2.5 Dodging
 * Level 4.2 Unarmed Combat
 + Level 2.7 Spellcasting
 + Level 3.0 Transmutations
 * Level 2.2 Poison Magic


You had 5 spell levels left.
You knew the following spells:

 Your Spells              Type           Power        Failure   Level
a - Beastly Appendage     Tmut           18%          7%          1
b - Spider Form           Tmut/Pois      4%           24%         3

Your spell library contained the following spells:

 Spells                   Type           Power        Failure   Level
 Wereblood                Tmut           9%           10%         2
 Ice Form                 Ice/Tmut       5%           77%         4
 Blade Hands              Tmut           4%           88%         5


Dungeon Overview and Level Annotations

Branches:
Dungeon (4/15)
 Temple: D:4-7

Altars:

Annotations:
D:3 2 runed translucent doors


Innate Abilities, Weirdness & Mutations

Your plain brown scales are hard. (AC +5)
You cannot fit into any form of body armour.
You are cold-blooded and may be slowed by cold attacks.
Your large and strong wings let you fly indefinitely.
You have a pair of horns on your head.
You have razor-sharp toenails.
Your skin changes colour to match your surroundings (Stealth+).
You are robust. (+10% HP)
You occasionally shout uncontrollably at your foes.


Message History

You recover from your berserk rage.
The orc hits you but does no damage.
Things that are here:
a +0 war axe; a +0 ring mail; an orc corpse You hit the orc but do no damage.
Your kick misses the orc. You hit the orc but do no damage.
The orc hits you but does no damage.
You barely miss the orc. Your kick misses the orc.
The orc hits you with a +1 vorpal mace!
* * * LOW HITPOINT WARNING * * *
x2 You hit the orc but do no damage.
You claw the orc, but do no damage. The orc hits you with a +1 vorpal mace.
* * * LOW HITPOINT WARNING * * *
x2 You hit the orc but do no damage.
You claw the orc, but do no damage. You closely miss the orc.
You headbutt the orc, but do no damage.
You hear the slow rusting of a very distant drain.
The orc closely misses you.
You hit the orc but do no damage. You claw the orc, but do no damage.
Your headbutt misses the orc.
Your tail-slap misses the orc.
The orc hits you with a +1 vorpal mace!
You die...

# .# #.## ###.#
#...###...
.........
......#.######.
...............
..o...#)#######
....o #o# #...
#@# ##. #.#
#### # #.# #..<
#.# .... #.#
##### #### #.#
#...##.# #.#
#......#
##.#####...##.#
#....)......#


You could see an orc.

Vanquished Creatures
  An ogre (D:3)
  An orc wizard (D:3)
  Terence (D:2)
  A worker ant (D:4)
  2 gnolls (D:1)
  3 adders
  A worm (D:2)
  2 dart slugs (D:1)
  3 orcs (D:3)
  3 giant cockroaches (D:1)
  6 goblins
  4 hobgoblins
  3 jackals (D:1)
  2 kobolds (D:1)
  3 bats
  3 frilled lizards
  3 rats
42 creatures vanquished.

Notes
Turn   | Place    | Note
-------+----------+-------------------------------------------
     0 | D:1      | kae the Draconian Transmuter began the quest for the Orb.
     0 | D:1      | Reached XP level 1. HP: 16/16 MP: 3/3
   172 | D:1      | Reached XP level 2. HP: 3/23 MP: 3/5
   592 | D:1      | Reached XP level 3. HP: 25/28 MP: 4/6
   598 | D:1      | Learned a level 3 spell: Spider Form
  1664 | D:2      | Noticed Terence
  1673 | D:2      | Killed Terence
  1674 | D:2      | Reached skill level 1 in Poison Magic
  1674 | D:2      | Reached XP level 4. HP: 36/36 MP: 0/7
  1732 | D:2      | You fall into a shaft and drop 2 floors!
  1957 | D:3      | Noticed an ogre
  1973 | D:3      | Gained mutation: Your large and strong wings let you fly
                  | indefinitely. [potion of mutation]
  1973 | D:3      | Gained mutation: You are robust. (+10% HP) [potion of
                  | mutation]
  1973 | D:3      | Gained mutation: You occasionally shout uncontrollably at
                  | your foes. [potion of mutation]
  1973 | D:3      | Gained mutation: Your skin changes colour to match your
                  | surroundings (Stealth+). [potion of mutation]
  1978 | D:3      | Killed an ogre
  1979 | D:3      | Reached skill level 4 in Unarmed Combat
  1979 | D:3      | Reached XP level 5. HP: 32/45 MP: 1/9
  1985 | D:3      | Found a runed translucent gate.
  1985 | D:3      | Found a runed translucent gate.
  2031 | D:3      | Slain by an orc

Illustrated notes

Levels and vault maps discovered:
D:1:      zelgadis_glass_arrival_small, layout_basic, minmay_tripent
D:2:      layout_rooms, grunt_qazlal_clouds, chequers_ecumenical_altar_grove,
          led_sif_pool, uniq_terence, uniq_crazy_yiuf_cottage, uniq_jessica
D:3:      layout_loops_ring, gammafunk_ghost_cemetery, portal_sewer_entry_e,
          uniq_grinder, uniq_natasha, uniq_purgy
D:4:      layout_loops_ring, grunt_decor_resistance, nrook_mini_vaults

Skill      XL: |  1  2  3  4  5 |
---------------+----------------+-----
Dodging        | 2 |  2.5
Poison Magic   | 1 2 |  2.2
Fighting       | 2 |  2.4
Unarmed Combat | 4 |  4.2
Transmutations | 3 |  3.0
Spellcasting   | |  2.7

Action                   |  1- 3 |  4- 6 || total
-------------------------+-------+-------++-------
Melee: Unarmed           |    86 |    45 ||   131
       Headbutt          |    13 |     3 ||    16
       Kick              |    11 |     7 ||    18
       Tailslap          |     6 |     3 ||     9
       Punch             |     1 |       ||     1
 Cast: Beastly Appendage |    16 |     3 ||    19
       Spider Form       |     2 |     3 ||     5
  Use: Scroll            |       |     6 ||     6
       Potion            |       |     3 ||     3
Armor: Skin              |    17 |     8 ||    25
Dodge: Dodged            |    46 |    32 ||    78

Table legend: (Time is in decaauts)
 A = Elapsed time spent in this place.
 B = Non-inter-level travel time spent in this place.
 C = Inter-level travel time spent in this place.
 D = Time resting spent in this place.
 E = Time spent auto-exploring this place.
 F = Levels seen in this place.
 G = Mean time per level.
                   A        B        C        D        E       F      G
               +--------+--------+--------+--------+--------+-----+--------+
         Total |   2033 |   2004 |     29 |    339 |   1333 |   4 |  508.2 |
       Dungeon |   2033 |   2004 |     29 |    339 |   1333 |   4 |  508.2 |
               +--------+--------+--------+--------+--------+-----+--------+

Top non-repeatable levels by time:
     D:1: 1465 daAuts
     D:2: 261 daAuts
     D:4: 204 daAuts
     D:3: 101 daAuts
